Map: [ESL] Goldenaura

Players

Astrea

  • Race: Protoss Protoss
  • Spawn Location: 5:00

Nina - Winner!

  • Race: Protoss Protoss
  • Spawn Location: 12:00

Event: ESL SC2 Masters 2024 Spring (Regional)

VOD

Have the link to the VOD?

Description

Time

  • Played on: May 3, 2024, 3:21 p.m.
  • Length: 8:16

All games in this series

Show
View Real Time Build Order
Export as new Build Order

Astrea Protoss 

Build Orders:  

Get SALT Encoding   

  12  0:00  Probe  
  13  0:12  Pylon  
  13  0:17  Probe  
  14  0:30  Gateway  
  14  0:34  Probe (Chrono Boost)  
  16  0:43  Assimilator, Probe (Chrono Boost)  
  16  0:48  Probe (Chrono Boost)  
  16  0:53  Assimilator  
  17  1:00  Probe  
  18  1:12  Probe  
  18  1:17  Cybernetics Core  
  21  1:18  Zealot  
  21  1:24  Probe  
  22  1:31  Pylon  
  22  1:36  Probe  
  23  1:50  Adept (Chrono Boost)  
  25  1:55  Robotics Facility  
  25  1:57  Warp Gate  
  25  2:01  Probe  
  26  2:13  Stalker  
  28  2:17  Probe  
  28  2:21  Pylon  
  29  2:42  Immortal (Chrono Boost)  
  29  2:50  Shield Battery  
  31  3:10  Warp Prism (Chrono Boost), Probe  
  34  3:20  Pylon  
  33  3:28  Gateway  
  34  3:39  Immortal  
  37  3:48  Stalker  
  39  3:59  Pylon  
  39  4:19  Immortal (Chrono Boost)  
  39  4:23  Stalker  
  45  4:24  Sentry  
  47  4:32  Pylon  
  47  4:54  Observer (Chrono Boost)  
  48  5:00  Adept x2  
  52  5:17  Observer  
  50  5:23  Immortal  
  50  5:27  Pylon  
  54  5:42  Pylon  
  54  5:46  Stalker x2  
  58  6:01  Shield Battery  
  58  6:08  Stalker  
  58  6:09  Stalker  
  55  6:31  Probe  
  54  6:34  Pylon  
  54  6:35  Stalker  
  55  6:50  Pylon  
  55  6:58  Stalker  
  55  7:09  Stalker  
  55  7:10  Probe  
  56  7:27  Stalker  
  58  7:30  Immortal  
  58  7:35  Probe  
  63  7:40  Sentry  
  63  7:51  Probe  
  63  7:56  Stalker  
Show
View Real Time Build Order
Export as new Build Order

Nina Protoss - Winner!

Build Orders: Phoenix Opening, Blink Stalkers 

Get SALT Encoding   

  12  0:00  Probe  
  13  0:12  Probe  
  14  0:17  Pylon  
  14  0:24  Probe  
  15  0:36  Gateway  
  15  0:38  Probe (Chrono Boost)  
  16  0:47  Assimilator, Probe (Chrono Boost)  
  17  0:52  Probe (Chrono Boost)  
  17  0:55  Assimilator  
  19  1:04  Probe (Chrono Boost)  
  19  1:08  Gateway  
  19  1:13  Probe (Chrono Boost)  
  20  1:18  Probe  
  20  1:24  Cybernetics Core  
  21  1:31  Probe  
  22  1:35  Pylon  
  22  1:43  Probe  
  23  1:55  Probe  
  23  2:00  Sentry, Stalker, Warp Gate  
  28  2:08  Pylon, Probe  
  29  2:27  Stalker  
  31  2:30  Sentry  
  33  2:45  Shield Battery  
  33  2:46  Pylon  
  33  2:47  Phoenix  
  33  2:48  Probe  
  34  2:51  Twilight Council  
  32  3:00  Probe  
  32  3:04  Gateway  
  33  3:17  Probe  
  33  3:19  Gateway  
  34  3:29  Blink (Chrono Boost), Shield Battery  
  34  3:38  Shield Battery  
  34  3:48  Stalker  
  34  3:52  Adept  
  38  4:01  Stalker  
  40  4:15  Stalker  
  42  4:19  Stalker  
  44  4:29  Pylon  
  44  4:37  Stalker  
  46  4:42  Gateway  
  42  4:54  Stalker  
  42  4:59  Gateway  
  44  5:10  Stalker  
  44  5:19  Stalker  
  46  5:22  Pylon  
  46  5:37  Pylon  
  46  5:40  Stalker  
  46  5:42  Stalker  
  50  5:47  Stalker  
  52  5:59  Stalker  
  54  6:10  Stalker x2  
  58  6:24  Sentry  
  58  6:25  Sentry  
  56  6:37  Stalker x2  
  60  6:46  Pylon  
  60  6:51  Stalker  
  56  7:09  Stalker x2  
  56  7:12  Stalker  
  62  7:27  Stalker  
  64  7:32  Zealot x2  
  68  7:40  Sentry  
  66  7:57  Stalker x2  
  68  8:06  Zealot  
  68  8:11  Zealot  
Tags
 
Add a new tag
Caveats
  • Supply blocks, unpowered buildings, or Contaminate may cause inaccurate times.
  • Supply counts are checked every 10 seconds.